 Dungeon Crawl Stone Soup version 0.29-a0-283-ga02f740833 (webtiles) character file.

Game seed: 4661231655940143396

75 spaghetti the Ducker (level 4, -1/42 HPs)
             Began as a Naga Fighter on Mar 13, 2022.
             Was a Follower of Dithmenos.
             Slain by a gnoll
             ... wielding a +0 spear
              (3 damage)
             ... on level 3 of the Dungeon.
             The game lasted 00:03:01 (2504 turns).

spaghetti the Ducker (Naga Fighter)                 Turns: 2504, Time: 00:03:02

Health: -1/42      AC:  8    Str: 20    XL:     4   Next: 31%
Magic:  4/4        EV:  8    Int:  9    God:    Dithmenos [*.....]
Gold:   103        SH:  4    Dex: 10    Spells: 3/3 levels left

rFire   . . .      SeeInvis +   n - +0 whip (vamp) {mace}
rCold   . . .      Faith    .   c - +0 buckler
rNeg    . . .      Spirit   .   p - +2 scale mail {Will+}
rPois   +          Reflect  .   (no helmet)
rElec   .          Harm     .   k - +0 cloak
rCorr   .          Rampage  .   (no gloves)
Will    +....                   (no barding)
Stlth   ..........              (no amulet)
HPRegen 0.14/turn               (no ring)
MPRegen 0.09/turn               (no ring)

@: mighty, wreathed by umbra, very slow
A: AC +1, large, see invisible, deformed body, poison resistance, slowness 2,
spit poison 1, naga tail 1
a: Spit Poison, Renounce Religion


You were on level 3 of the Dungeon.
You worshipped Dithmenos.
Dithmenos was aware of your devotion.
You visited 1 branch of the dungeon, and saw 3 of its levels.

You collected 103 gold pieces.


Innate Abilities, Weirdness & Mutations

Your serpentine skin is tough. (AC +1)
You have supernaturally acute eyesight. (SInv)
Armour fits poorly on your strangely shaped body.
Your system is resistant to poisons. (rPois)
You cover ground very slowly.
You can spit poison.
You have a snake-like lower body.


   Skills:
 - Level 3.0 Fighting
 - Level 2.0 Long Blades
 - Level 2.4 Armour
 + Level 3.1 Dodging
 - Level 2.4 Shields


You had 3 spell levels left.
You didn't know any spells.
Your spell library contained the following spells:

 Spells                   Type           Power      Damage    Failure   Level
 Summon Small Mammal      Summ           0%         N/A       82%         1
 Call Canine Familiar     Summ           0%         N/A       99%         3
 Summon Guardian Golem    Hex/Summ       0%         N/A       99%         3
 Animate Dead             Necr           0%         N/A       100%        4
 Haunt                    Necr/Summ      0%         N/A       100%        7
 Infestation              Necr           0%         N/A       100%        8

Inventory:

Hand Weapons
 a - a +0 long sword {long}
 n - a +0 vampiric whip (weapon) {mace}
   (You took it off a kobold on level 3 of the Dungeon)
Missiles
 h - 63 stones {throwing}
 i - 3 poisoned darts {throwing}
 m - 6 curare-tipped darts {=fthrowing}
Armour
 b - a +0 scale mail
 c - a +0 buckler (worn)
 j - a +0 plate armour
   (You found it on level 2 of the Dungeon)
 k - a +0 cloak (worn)
   (You found it on level 2 of the Dungeon)
 p - a +2 scale mail of willpower (worn)
   (You found it on level 3 of the Dungeon)
Scrolls
 f - a scroll of holy word {unknown}
 l - 4 scrolls of teleportation {unknown}
Potions
 d - a potion of might
 g - 2 potions of attraction {unknown}
 o - a potion of flight {unknown}
 q - a potion of ambrosia {unknown}
 r - 2 potions of haste {unknown}

Dungeon Overview and Level Annotations

Branches:
Dungeon (3/15)

Altars:
Dithmenos

♣♣..♣ ##+## #.# ♣♣.♣ #.#
### #.# ♣..♣ #.# #.. ♣.♣
#♣♣..♣ ##.## #)# ### ...
#.♣.♣♣##...###.# .. .
#...# #.....##.# .# ...
#.######...###.##.#♣....
#.....###.####g.........
##..........@g.....♣
#.######.########.# #.#
#.# ♣ #.# #.# #.# #.#
##.### #.# ##.P.P## #.#
##P.PP..###.#########
##P.♣♣♣...##.........# #


You could see 2 gnolls.


Message History

You whack the gnoll! The gnoll hits you with a +0 whip.
The gnoll hits you but does no damage. 😕 HP[-4]
You take 4 damage, and now have 30/34 hp.
The gnoll hits you but does no damage. The gnoll attacks as you move away!
The gnoll misses you.
The gnoll hits you with a +0 flail. 😕 HP[-4]
You take 4 damage, and now have 26/34 hp.
The gnoll attacks as you move away! The gnoll hits you with a +0 flail.
The gnoll hits you but does no damage. 😮 HP[-6]
You take 6 damage, and now have 20/34 hp.
You barely miss the gnoll. The gnoll closely misses you. 😮 HP[+1]
You hit the gnoll.
You feel better.
The gnoll hits you but does no damage. 😮 HP[+1]
You hit the gnoll.
You feel better.
You kill the gnoll!
Dithmenos accepts your kill.
Your Dodging skill increases to level 3!
You have reached level 4!
You feel clever. 😮 HP[+6] MP[+1]
You now have 42 max hp (+8).
You regained 6 hp, and now have 28/42 hp.
Your mp is fully restored (4).
You closely miss the gnoll. The gnoll closely misses you.
You hit the gnoll.
You feel better. The gnoll hits you but does no damage.
The gnoll hits you with a +0 club. 😮 HP[+1]
You hit the gnoll.
You feel better. The gnoll barely misses you.
The gnoll closely misses you. 😕 HP[+3]
You regained 3 hp, and now have 32/42 hp.
You completely miss the gnoll. The gnoll barely misses you.
The gnoll closely misses you.
You hit the gnoll.
You feel better.
The gnoll hits you from afar with a +0 spear.
The gnoll barely misses you. The gnoll completely misses you.
The gnoll hits you with a +0 club. 😮 HP[-5]
You take 5 damage, and now have 27/42 hp.
You hit the gnoll.
The gnoll hits you from afar with a +0 spear.
The gnoll closely misses you. 😮 HP[-1]
You take 1 damage, and now have 26/42 hp.
You hit the gnoll but do no damage. You block the gnoll's attack.
The gnoll barely misses you.
You hit the gnoll.
You feel better.
You kill the gnoll!
Dithmenos accepts your kill.
The gnoll hits you but does no damage. 😮 HP[+2]
You regained 2 hp, and now have 28/42 hp.
You closely miss the gnoll.
The gnoll hits you from afar with a +0 spear.
The gnoll hits you with a +0 flail!
* * * LOW HITPOINT WARNING * * *
😨 HP[-11]
You take 11 damage, and now have 17/42 hp.
MASSIVE DAMAGE!! (PAUSE)
You hit the gnoll. The gnoll closely misses you.
The gnoll hits you with a +0 flail.
* * * LOW HITPOINT WARNING * * *
😨 HP[-1]
You take 1 damage, and now have 16/42 hp.
You hit the gnoll but do no damage. You block the gnoll's attack.
The gnoll hits you with a +0 flail!
* * * LOW HITPOINT WARNING * * *
😱 HP[-7]
You take 7 damage, and now have 9/42 hp.
You closely miss the gnoll. The gnoll barely misses you.
You block the gnoll's attack.
You hit the gnoll but do no damage. The gnoll hits you but does no damage.
The gnoll barely misses you.
The gnoll hits you from afar with a +0 spear.
* * * LOW HITPOINT WARNING * * *
The gnoll hits you with a +0 flail.
* * * LOW HITPOINT WARNING * * *
😱 HP[-4]
You take 4 damage, and now have 5/42 hp.
Unknown command.
It was a potion of curing.
You feel better. The gnoll completely misses you.
The gnoll hits you with a +0 flail.
* * * LOW HITPOINT WARNING * * *
😨 HP[+9]
You regained 9 hp, and now have 14/42 hp.
You feel very mighty all of a sudden.
The gnoll hits you from afar with a +0 spear.
* * * LOW HITPOINT WARNING * * *
The gnoll hits you with a +0 flail.
* * * LOW HITPOINT WARNING * * *
😱 HP[-12]
You take 12 damage, and now have 2/42 hp.
MASSIVE DAMAGE!! (PAUSE)
You barely miss the gnoll.
The gnoll hits you from afar with a +0 spear.
You die...

Skill      XL: |  1  2  3 |
---------------+----------+-----
Dodging        | 1 2 3 |  3.1
Fighting       | |  3.0
Long Blades    | |  2.0
Armour         | |  2.4
Shields        | |  2.4

Action                   |  1- 3 |  4- 6 || total
-------------------------+-------+-------++-------
Melee: Long sword        |    71 |       ||    71
       Whip              |    36 |    14 ||    50
 Abil: Spit Poison       |     6 |       ||     6
  Use: Potion            |       |     2 ||     2
Armor: Scale mail        |    17 |     3 ||    20
       Plate armour      |    54 |       ||    54
Dodge: Dodged            |    30 |    13 ||    43
Block: Buckler           |    12 |     3 ||    15

Levels and vault maps discovered:
D:1:      lightli_arrival_noodles, layout_basic, minmay_surrounded
D:2:      layout_loops_ring, shapermc_ecumenical_altar_mp_vishouse,
          roderic_serpentine_path, lightli_corner_chamber
D:3:      layout_loops_corners, serial_forest, infiniplex_forest_lined_room_,
          infiniplex_forest_lined_room_3, infiniplex_forest_end_double,
          infiniplex_forest_diagonal, infiniplex_forest_clump_large,
          infiniplex_forest_lined_room_3, infiniplex_forest_zigzag_1,
          infiniplex_forest_lined_room_3, infiniplex_forest_3_way,
          infiniplex_forest_end_3

Notes
Turn   | Place    | Note
-------+----------+-------------------------------------------
     0 | D:1      | spaghetti the Naga Fighter began the quest for the Orb.
     0 | D:1      | Reached XP level 1. HP: 21/21 MP: 1/1
     0 | D:1      | magus.rc [v1.9.6]
   279 | D:1      | Reached skill level 1 in Dodging
   279 | D:1      | Reached XP level 2. HP: 23/28 MP: 2/2
  1172 | D:2      | Found a faded altar of an unknown god.
  1175 | D:2      | Prayed at the altar of an unknown god.
  1175 | D:2      | Became a worshipper of Dithmenos the Shadowed
  1175 | D:2      | Reached * piety under Dithmenos
  1257 | D:2      | Reached skill level 2 in Dodging
  1550 | D:2      | Reached XP level 3. HP: 34/34 MP: 3/3
  1682 | D:3      | You pick up a book of Death and begin reading...
  1682 | D:3      | You add the spells Animate Dead, Haunt and Infestation to
                  | your library.
  2031 | D:3      | You pick up a book of Callings and begin reading...
  2031 | D:3      | You add the spells Summon Small Mammal, Call Canine
                  | Familiar and Summon Guardian Golem to your library.
  2489 | D:3      | Reached skill level 3 in Dodging
  2489 | D:3      | Reached XP level 4. HP: 28/42 MP: 4/4
  2499 | D:3      | HP: 9/42 [gnoll/+0 flail (7)]
  2503 | D:3      | HP: 2/42 [gnoll/+0 flail (6)]
  2504 | D:3      | Slain by a gnoll

Vanquished Creatures
  2 gnolls (D:3)
  2 adders (D:3)
  2 dart slugs
  3 endoplasms
  4 giant cockroaches
  3 goblins
  4 hobgoblins
  5 jackals
  A kobold (D:3)
  A quokka (D:2)
  A bat (D:2)
  2 frilled lizards
  A rat (D:3)
31 creatures vanquished.

Vanquished Creatures (others)
  2 plants (D:3)
2 creatures vanquished.

Grand Total: 33 creatures vanquished

Table legend:
 A = Non-vault XP
 B = Vault XP
 C = Vault XP percentage of total XP
 D = Non-vault monster count
 E = Vault monster count
 F = Vault count percentage of total count
                 A         B        C        D         E       F
            +---------+---------+-------+---------+---------+-------
      Total |      95 |      13 |  12.0 |      25 |       6 |  19.4
            +---------+---------+-------+---------+---------+-------
        D:1 |       4 |      13 |  76.5 |       2 |       6 |  75.0
        D:2 |      22 |       0 |   0.0 |      11 |       0 |   0.0
        D:3 |      69 |       0 |   0.0 |      12 |       0 |   0.0
            +---------+---------+-------+---------+---------+-------

Illustrated notes

Table legend:
 A = Kills in this place as a percentage of kills in entire the game.
 B = Kills by you in this place as a percentage of kills by you in the entire game.
 C = Kills by friends in this place as a percentage of kills by friends in the entire game.
 D = Other kills in this place as a percentage of other kills in the entire game.
 E = Experience gained in this place as a percentage of experience gained in the entire game.
 F = Experience gained in this place divided by the number of levels of this place that you have seen.
                   A       B       C       D       E      F
               +-------+-------+-------+-------+-------+----------------------
         Total | 100.0 | 100.0 |   N/A |   N/A | 100.0 |  36.0
       Dungeon | 100.0 | 100.0 |   N/A |   N/A | 100.0 |  36.0
               +-------+-------+-------+-------+-------+----------------------

Table legend: (Time is in decaauts)
 A = Elapsed time spent in this place.
 B = Non-inter-level travel time spent in this place.
 C = Inter-level travel time spent in this place.
 D = Time resting spent in this place.
 E = Time spent auto-exploring this place.
 F = Levels seen in this place.
 G = Mean time per level.
                   A        B        C        D        E       F      G
               +--------+--------+--------+--------+--------+-----+--------+
         Total |   3264 |   3169 |     95 |    255 |   2543 |   3 | 1088.0 |
       Dungeon |   3264 |   3169 |     95 |    255 |   2543 |   3 | 1088.0 |
               +--------+--------+--------+--------+--------+-----+--------+

Top non-repeatable levels by time:
     D:2: 1356 daAuts
     D:3: 1117 daAuts
     D:1: 790 daAuts
